 Dungeon Crawl Stone Soup version 0.29.0-11-gd7f09526c8 (webtiles) character file.

Game seed: 4690554201769020630

82 Acheron the Sneak (level 4, -5/32 HPs)
             Began as a Vampire Conjurer on Sept 4, 2022.
             Killed from afar by an orc wizard (14 damage)
             ... with a puff of flame
             ... on level 2 of the Dungeon.
             The game lasted 00:11:40 (2619 turns).

Acheron the Sneak (Vampire Conjurer)                Turns: 2619, Time: 00:11:40

Health: -5/32      AC:  3    Str:  8    XL:     4   Next: 21%
Magic:  7/7        EV: 12    Int: 20    God:
Gold:   179        SH:  0    Dex: 12    Spells: 6/7 levels left

rFire   . . .      SeeInvis +   g - +0 spear (freeze)
rCold   . . .      Faith    .   (no shield)
rNeg    . . .      Spirit   .   a - +0 robe
rPois   .          Reflect  .   (no helmet)
rElec   .          Harm     .   (no cloak)
rCorr   .          Rampage  .   k - +0 pair of gloves
Will    .....                   (no boots)
Stlth   ++........              (no amulet)
HPRegen 0.30/turn               h - ring of wizardry
MPRegen 0.10/turn               (no ring)

@: healing quickly
A: alive, fangs 3, see invisible, vampiric 2
a: Exsanguinate


You were on level 2 of the Dungeon.
You visited 1 branch of the dungeon, and saw 5 of its levels.

You collected 179 gold pieces.

Inventory:

Hand Weapons
 f - a +0 short sword
 g - a +0 spear of freezing (weapon)
Missiles
 c - 2 boomerangs (quivered)
Armour
 a - a +0 robe (worn)
 k - a +0 pair of gloves (worn)
Jewellery
 h - a ring of wizardry (left hand)
 j - a ring of protection from cold
 l - a ring of magical power
Scrolls
 m - 2 scrolls of teleportation {unknown}
 p - a scroll of acquirement {unknown}
 q - a scroll of enchant armour {unknown}
 r - a scroll of vulnerability {unknown}
 s - a scroll of fog {unknown}
Potions
 b - a potion of magic
 d - a potion of lignification {unknown}
 i - a potion of heal wounds {unknown}
 n - 4 potions of brilliance
 o - a potion of berserk rage {unknown}
 t - a potion of mutation {unknown}


   Skills:
 * Level 1.1 Fighting
 - Level 0.4 Short Blades
 * Level 0.7 Polearms
 * Level 2.5 Dodging
 * Level 3.8 Stealth
 * Level 2.4 Spellcasting
 + Level 3.4 Conjurations


You had 6 spell levels left.
You knew the following spells:

 Your Spells              Type           Power      Damage    Failure   Level
a - Magic Dart            Conj           64%        1d6       1%          1

Your spell library contained the following spells:

 Spells                   Type           Power      Damage    Failure   Level
 Searing Ray              Conj           32%        2d5       2%          2
 Dazzling Flash           Conj/Hex       18%        N/A       9%          3
 Fulminant Prism          Conj/Hex       4%         3d6       28%         4
 Iskenderun's Mystic Bla  Conj/Tloc      9%         2d4       28%         4


Dungeon Overview and Level Annotations

Branches:
Dungeon (5/15)
 Temple: D:4-7

Altars:


Innate Abilities, Weirdness & Mutations

Your natural rate of healing is accelerated.
You have razor-sharp teeth.
You have supernaturally acute eyesight. (SInv)
You are afflicted with vampirism and can become a bat while bloodless.


Message History

The orc wizard hits you with a +0 dagger.
The orc wizard casts a spell at you. The puff of flame hits you!
You bump into the rock wall.
The orc wizard hits you but does no damage.
The orc wizard attacks as you move away!
The orc wizard hits you with a +0 dagger.
Things that are here:
a +0 leather armour; a +0 short sword The orc wizard attacks as you move away!
The orc wizard hits you with a +0 dagger.
The orc wizard hits you with a +0 dagger.
You miss the orc wizard.
The orc wizard is heavily wounded.
You feel less confused.
The orc wizard hits you with a +0 dagger.
You barely miss the orc wizard.
The orc wizard is heavily wounded.
The orc wizard hits you with a +0 dagger.
You hit the orc wizard. You freeze the orc wizard.
The orc wizard is severely wounded.
The orc wizard closely misses you.
You closely miss the orc wizard.
You bite the orc wizard, but do no damage.
The orc wizard is severely wounded.
The orc wizard mumbles some strange words.
The orc wizard flickers and vanishes for a moment.
You hit the orc wizard but do no damage.
Your bite misses the orc wizard.
The orc wizard is severely wounded.
The orc wizard hits you with a +0 dagger.
You hit the orc wizard but do no damage.
The orc wizard is severely wounded.
The orc wizard hits you with a +0 dagger.
* * * LOW HITPOINT WARNING * * *
You barely miss the orc wizard.
The orc wizard is severely wounded.
The orc wizard points at you and mumbles some strange words.
The puff of flame hits you!
You die...

#...###.#.###############.###
###.....#...................#####
#####...###############.#......
#.#..# #########w.#...... #.##.##
#.........##...... #######)##..#
#.....)..###.(....
..........#.####.......#####.....
..........#.#.....)....##........
..........#.#.#.@...#####.#######
..........#...### #......(,,,,,
#.......# ###......,,,*


You could see an orc wizard (invisible).

Vanquished Creatures
  3 adders
  4 dart slugs
  3 orcs (D:2)
  3 bats
  2 endoplasms
  6 goblins
  2 hobgoblins
  4 jackals (D:2)
  5 kobolds
  2 quokkas
  A ball python (D:1)
  5 frilled lizards
  3 rats
43 creatures vanquished.

Vanquished Creatures (collateral kills)
  A giant cockroach (D:2)
  A kobold (D:2)
2 creatures vanquished.

Grand Total: 45 creatures vanquished

Notes
Turn   | Place    | Note
-------+----------+-------------------------------------------
     0 | D:1      | Acheron the Vampire Conjurer began the quest for the Orb.
     0 | D:1      | Reached XP level 1. HP: 13/13 MP: 3/3
   304 | D:1      | Reached XP level 2. HP: 17/19 MP: 5/5
  1451 | D:2      | Gained mutation: You are afflicted with vampirism and can
                  | become a bat while bloodless. [Vampire growth]
  1451 | D:2      | Reached XP level 3. HP: 25/25 MP: 2/6
  2057 | D:3      | Found a faded altar of an unknown god.
  2057 | D:3      | Identified the ring of Unkuv {rN+ rCorr Dex+3 Slay+3}
  2245 | D:5      | Entered Level 5 of the Dungeon
  2380 | D:2      | Reached skill level 1 in Fighting
  2380 | D:2      | Reached XP level 4. HP: 17/32 MP: 7/7
  2619 | D:2      | Killed from afar by an orc wizard

Illustrated notes

Levels and vault maps discovered:
D:1:      arrival_zaba_pyramid, layout_basic, serial_forest,
          infiniplex_forest_split, infiniplex_forest_lined_corner,
          infiniplex_forest_straight_4, infiniplex_forest_end_1,
          infiniplex_forest_clump_medium, infiniplex_forest_lined_room_3,
          infiniplex_forest_lined_3
D:2:      layout_basic, chequers_serial_rivers_small_b
D:3:      layout_basic, hellmonk_ecumenical_altar_run_dry, serial_shops, shop,
          uniq_natasha
D:4:      layout_loops_cross
D:5:      layout_basic, mainiacjoe_overflow_paths,
          minmay_temple_entry_gardened_gates, chequers_serial_rivers_micro_c,
          uniq_ijyb, uniq_grinder, uniq_prince_ribbit1

Skill      XL: |  1  2  3 |
---------------+----------+-----
Conjurations   | 3 |  3.4
Fighting       | 1 |  1.1
Short Blades   | |  0.4
Polearms       | |  0.7
Dodging        | |  2.5
Stealth        | |  3.8
Spellcasting   | |  2.4

Action                   |  1- 3 |  4- 6 || total
-------------------------+-------+-------++-------
Melee: Short sword       |    25 |       ||    25
       Bite              |     6 |     2 ||     8
       Spear             |    51 |    21 ||    72
       Punch             |     1 |       ||     1
 Cast: Magic Dart        |    48 |     3 ||    51
  Use: Scroll            |     4 |     2 ||     6
       Potion            |     1 |     1 ||     2
 Stab: Sleeping          |     2 |       ||     2
Armor: Robe              |    12 |     8 ||    20
Dodge: Dodged            |    38 |    24 ||    62
